 Dungeon Crawl Stone Soup version 0.24-a0-586-g8e0e932a4c (webtiles) character file.

Game seed: 9466176723602025660, levelgen mode: deterministic

4189 LabCoat the Cleaver (level 10, -1/84 HPs)
             Began as a Hill Orc Fighter on Sept 7, 2019.
             Was a Priest of Trog.
             Shot with a bolt by an orc (16 damage)
             ... in a bailey on Sept 8, 2019.
             The game lasted 00:41:42 (6277 turns).

LabCoat the Cleaver (Hill Orc Fighter)              Turns: 6277, Time: 00:41:43

Health: -1/84      AC: 13    Str: 23    XL:     10   Next: 29%
Magic:  10/10      EV:  8    Int:  8    God:    Trog [***...]
Gold:   476        SH: 10    Dex: 10    Spells: 9/9 levels left

rFire    + . .     SeeInvis .   b - +1 war axe (venom)
rCold    . . .     Gourm    .   c - +0 shield
rNeg     . . .     Faith    .   K - +0 chain mail
rPois    .         Spirit   .   (no helmet)
rElec    .         Reflect  .   J - scarf {repulsion}
rCorr    .         Harm     +   e - +0 pair of gloves {archery}
MR       .....                  M - +0 pair of boots
Stlth    ..........             i - amulet of harm
HPRegen  0.24/turn              h - +2 ring of evasion
MPRegen  0.12/turn              g - ring of protection from fire

@: lightly drained, repel missiles
A: no striking features
a: Berserk, Trog's Hand, Renounce Religion


You were in a bailey.
You worshipped Trog.
Trog was most pleased with you.
You were not hungry.

You visited 2 branches of the dungeon, and saw 9 of its levels.
You also visited: Bailey.

You collected 476 gold pieces.

Inventory:

Hand Weapons
 b - a +1 war axe of venom (weapon)
Missiles
 m - 13 poisoned darts (quivered)
 G - 9 boomerangs of dispersal
Armour
 c - a +0 shield (worn)
 e - a +0 pair of gloves of archery (worn)
 J - a scarf of repulsion (worn)
 K - a +0 chain mail (worn)
 M - a +0 pair of boots (worn)
Jewellery
 g - a ring of protection from fire (right hand)
 h - a +2 ring of evasion (left hand)
 i - an amulet of harm (around neck)
 k - an uncursed ring of protection from fire
 l - an uncursed ring of ice
 o - a +1 ring of evasion
 r - an uncursed amulet of magic regeneration
 F - an uncursed ring of positive energy
 H - an uncursed ring of see invisible
Wands
 C - a wand of random effects (28)
Scrolls
 j - a scroll of enchant weapon
 n - 6 scrolls of remove curse
 p - 2 scrolls of magic mapping
 s - 2 scrolls of enchant armour {unknown}
 y - 4 scrolls of teleportation
 A - a scroll of fog {unknown}
 B - a scroll of random uselessness {unknown}
 D - 3 scrolls of fear
 E - a scroll of holy word {unknown}
Potions
 d - a potion of might
 q - 2 potions of agility {unknown}
 t - 4 potions of flight {unknown}
 u - a potion of degeneration {unknown}
 v - a potion of cancellation {unknown}
 w - a potion of resistance {unknown}
 x - 2 potions of curing
 I - 2 potions of brilliance {unknown}
 L - a potion of lignification {unknown}
Comestibles
 f - 16 rations
 z - 6 chunks of flesh


   Skills:
 + Level 6.8(6.6) Fighting
 * Level 14.3(14.0) Axes
 + Level 1.2(1.0) Throwing
 + Level 7.1(6.8) Armour
 + Level 6.4(6.2) Shields


You had 9 spell levels left.
You didn't know any spells.
Your spell library was empty.

Dungeon Overview and Level Annotations

Branches:
Dungeon (8/15)             Temple (1/1) D:5          Bailey (1/1)
   Lair: D:8-11

Altars:
Cheibriados
Dithmenos
Elyvilon
Fedhas
Gozag
Hepliaklqana
Kikubaaqudgha
Nemelex Xobeh
Okawaru
Qazlal
Ru
Sif Muna
Trog
Uskayaw
Vehumet
Wu Jian
Xom
Yredelemnul
Zin
The Shining One

Annotations:
D:4 2 transporters
D:7 3 runed translucent doors, SlightEye's ghost, novice OpTm; nubinia's ghost, novice GrEE


Message History

2 orcs come into view.
The orc shouts!
The orc warrior shoots a bolt.
The bolt hits you!!
* * * LOW HITPOINT WARNING * * *
The orc shoots a bolt.
You block the bolt.
Found a gate leading back out of this place.
You see here 2 bolts.
An orc warrior comes into view. It is wielding a -1 arbalest.
The orc warrior shouts!
The orc warrior shoots a bolt.
You block the bolt.
Some of the chunks of flesh in your inventory have rotted away.
You feel much better.
The orc shoots a bolt.
The bolt barely misses you.
The orc shoots a bolt.
You block the bolt.
The orc warrior shoots a bolt.
The bolt closely misses you.
The orc warrior shoots a bolt.
The bolt barely misses you.
You see here a bolt.
The orc warrior shoots a bolt.
The bolt hits you!
* * * LOW HITPOINT WARNING * * *
The orc shoots a bolt.
The bolt hits you!
You die...

.........≈
........≈≈ .#
........≈##.##
........≈oo^.
≈.
......≈#o.##≈.
#....≈≈#o#≈≈.
#....≈≈≈≈≈..
#.@........
##.........
#.(.......
##(.......
#(.......
#........
#(.......
##(....o..
#.(.......


You could see 2 orc warriors and 3 orcs.

Vanquished Creatures
  A hornet (D:7)
  Grinder (D:5)
  Sigmund (D:4)
  4 hogs (D:7)
  A human (D:7)
  Edmund (D:4)
  Menkaure (D:4)
  2 ice beasts
  3 sky beasts
  4 ogres
  A phantom (D:5)
  A centaur (D:7)
  A big kobold (D:6)
  4 bullfrogs
  2 scorpions (D:5)
  9 wights
  A howler monkey (D:5)
  2 crimson imps
  2 bullfrog zombies
  A centaur zombie (D:7)
  3 orc priests (D:7)
  4 hounds
  A jelly (D:6)
  3 orc wizards
  A centaur skeleton (D:5)
  Jessica (D:2)
  Ijyb (D:4)
  An iguana (D:5)
  3 worker ants
  A killer bee zombie (D:7)
  A worker ant zombie (D:7)
  14 adders
  2 oozes (D:3)
  2 worms (D:4)
  2 dart slugs (D:3)
  A leopard gecko (D:3)
  12 orcs
  7 ball pythons
  3 giant cockroaches
  4 hobgoblins
  2 jackals (D:1)
  9 kobolds
  5 quokkas
  2 bats (D:1)
  2 frilled lizards
  6 goblins
  A leopard gecko zombie (D:7)
  A quokka skeleton (D:4)
  11 rats
  A bush (D:7)
150 creatures vanquished.

Vanquished Creatures (others)
  3 withered plants (D:7)
3 creatures vanquished.

Grand Total: 153 creatures vanquished

Notes
Turn   | Place    | Note
-------+----------+-------------------------------------------
     0 | D:1      | LabCoat the Hill Orc Fighter began the quest for the Orb.
     0 | D:1      | Reached XP level 1. HP: 19/19 MP: 1/1
   148 | D:1      | Reached skill level 3 in Axes
   148 | D:1      | Reached XP level 2. HP: 17/27 MP: 2/2
   558 | D:2      | Found an opulent altar of Gozag.
   558 | D:2      | Noticed Jessica
   566 | D:2      | Killed Jessica
   566 | D:2      | Reached skill level 4 in Axes
   566 | D:2      | Reached XP level 3. HP: 20/33 MP: 3/3
   730 | D:2      | Found a shimmering blue altar of Sif Muna.
   946 | D:2      | Noticed a moth of wrath
   950 | D:2      | Found a bloodstained altar of Trog.
  1007 | D:2      | Became a worshipper of Trog the Wrathful
  1155 | D:3      | Reached XP level 4. HP: 35/40 MP: 4/4
  1256 | D:3      | Reached skill level 5 in Axes
  1384 | D:3      | Found a sparkling altar of Nemelex Xobeh.
  1422 | D:3      | Reached XP level 5. HP: 46/46 MP: 5/5
  1566 | D:3      | Found a faded altar of an unknown god.
  1894 | D:3      | Found an ancient bone altar of Kikubaaqudgha.
  1943 | D:4      | Found a shadowy altar of Dithmenos.
  1963 | D:4      | Reached skill level 6 in Axes
  2226 | D:4      | Noticed Menkaure
  2229 | D:4      | Noticed Sigmund
  2481 | D:4      | Reached * piety under Trog
  2482 | D:4      | Reached XP level 6. HP: 48/53 MP: 6/6
  2660 | D:4      | Killed Sigmund
  2660 | D:4      | Reached skill level 7 in Axes
  2900 | D:4      | Reached XP level 7. HP: 57/60 MP: 7/7
  3017 | D:4      | Found a transporter.
  3048 | D:4      | Found a transporter.
  3175 | D:4      | Noticed Edmund
  3186 | D:4      | Killed Edmund
  3186 | D:4      | Reached skill level 8 in Axes
  3314 | D:4      | Reached skill level 5 in Fighting
  3314 | D:4      | Reached skill level 9 in Axes
  3513 | D:4      | Killed Menkaure
  3513 | D:4      | Reached skill level 5 in Armour
  3513 | D:4      | Reached XP level 8. HP: 68/68 MP: 8/8
  3621 | D:5      | Entered Level 5 of the Dungeon
  3621 | D:5      | Noticed Ijyb
  3637 | D:4      | Killed Ijyb
  3668 | D:5      | Reached skill level 5 in Shields
  3696 | D:5      | Noticed Grinder
  3703 | D:5      | Killed Grinder
  3703 | D:5      | Reached skill level 10 in Axes
  3805 | D:5      | Reached ** piety under Trog
  3827 | D:5      | Found a staircase to the Ecumenical Temple.
  3835 | D:5      | Reached skill level 11 in Axes
  3841 | Temple   | Entered the Ecumenical Temple
  3915 | D:5      | Reached skill level 1 in Throwing
  4137 | D:5      | Reached XP level 9. HP: 68/74 MP: 9/9
  4378 | D:5      | Upgraded the game from 0.24-a0-585-g5c5dc1b5cb to
                  | 0.24-a0-586-g8e0e932a4c
  4425 | D:6      | Reached skill level 12 in Axes
  4431 | D:6      | Found a sacrificial altar of Ru.
  4934 | D:6      | Found a hazy altar of Hepliaklqana.
  5331 | D:7      | Noticed a hornet
  5367 | D:7      | Killed a hornet
  5367 | D:7      | Reached skill level 13 in Axes
  5515 | D:7      | Found a runed translucent gate.
  5517 | D:7      | Found a runed translucent gate.
  5517 | D:7      | Found a runed translucent gate.
  5519 | D:7      | Noticed nubinia's ghost (novice GrEE)
  5519 | D:7      | Noticed SlightEye's ghost (novice OpTm)
  5615 | D:7      | Reached XP level 10. HP: 28/84 MP: 10/10
  5625 | D:7      | Reached *** piety under Trog
  5631 | D:7      | Reached skill level 14 in Axes
  6144 | D:7      | Found a hide-covered altar of Uskayaw.
  6224 | D:8      | Found a flagged portal.
  6233 | Bailey   | Entered a bailey
  6277 | Bailey   | Shot with a bolt by an orc

Levels and vault maps discovered:
D:1:      giann_wishing_wells, layout_basic
D:2:      layout_rooms, old_standard_altar, lemuel_crystal_altar, first_ration,
          tgw_trog, uniq_jessica
D:3:      layout_basic, marbit_many_paths, nemelex_xobeh_ov_fountains_minmay,
          chequers_ecumenical_altar_twisty
D:4:      gammafunk_wand_slinger, layout_loops_cross,
          nicolae_dithmenos_the_darkroom, minmay_snake_closets, uniq_edmund,
          uniq_sigmund, uniq_menkaure
D:5:      layout_gridville, minmay_temple_entry_stoned_glass,
          grunt_ministairs_14, uniq_grinder, uniq_ijyb
D:6:      layout_basic, kennysheep_mini_moat, nicolae_overflow_crystal_walls,
          nicolae_benzene_ring, minmay_unpleasant_kobolds
D:7:      layout_rooms, eat_drink_and_be_merry_uskayaw,
          gammafunk_ghost_cemetery, grunt_livestock, kb_lookout_dungeons_type
D:8:      layout_rooms, lemuel_round_altar, erik_lair_island, enter_bailey_8,
          small_chamber_with_monster
Temple:   nicolae_temple_no_exploring_needed
Bailey:   bailey_polearm_2, bailey

Skill      XL: |  1  2  3  4  5  6  7  8  9 10 |
---------------+-------------------------------+-----
Axes           | 3 4 5 6 7 9 11 13 14 | 14.3
Fighting       | 4 5 6 |  6.8
Armour         | 4 5 6 7 |  7.1
Shields        | 4 5 6 |  6.4
Throwing       | 1 |  1.2

Action                   |  1- 3 |  4- 6 |  7- 9 | 10-12 || total
-------------------------+-------+-------+-------+-------++-------
Melee: War axe           |    98 |    94 |   250 |    49 ||   491
Throw: Dart              |       |       |    10 |       ||    10
Invok: Berserk           |       |       |     5 |     1 ||     6
  Use: Scroll            |     3 |     3 |     6 |       ||    12
       Potion            |       |     1 |       |     4 ||     5
  Eat: Chunk             |     1 |     2 |     6 |     4 ||    13
       Ration            |       |     1 |     2 |       ||     3
Armor: Scale mail        |    25 |       |       |       ||    25
       Chain mail        |    34 |    61 |    92 |    23 ||   210
Dodge: Dodged            |    24 |    25 |    45 |    16 ||   110
       Deflected         |       |       |     5 |     6 ||    11
Block: Shield            |    56 |    48 |   103 |    38 ||   245

Table legend:
 A = Non-vault XP
 B = Vault XP
 C = Vault XP percentage of total XP
 D = Non-vault monster count
 E = Vault monster count
 F = Vault count percentage of total count
                 A         B        C        D         E       F
            +---------+---------+-------+---------+---------+-------
      Total |    3749 |    2236 |  37.4 |     115 |      34 |  22.8
            +---------+---------+-------+---------+---------+-------
        D:1 |      23 |       0 |   0.0 |      15 |       0 |   0.0
        D:2 |      12 |      42 |  77.8 |       6 |       6 |  50.0
        D:3 |     105 |       4 |   3.7 |      17 |       1 |   5.6
        D:4 |     525 |     678 |  56.4 |      18 |      13 |  41.9
        D:5 |     946 |     312 |  24.8 |      22 |       2 |   8.3
        D:6 |     743 |     104 |  12.3 |      13 |       6 |  31.6
        D:7 |    1395 |    1096 |  44.0 |      24 |       6 |  20.0
            +---------+---------+-------+---------+---------+-------
